Sewer Rats vs Little Stars
(R1)
Created - November 3, 2020 at 19:42
Goals
|
| Sewer Rats |
0 |
1 |
3 |
0 |
2 |
5 |
| Little Stars |
0 |
3 |
1 |
0 |
1 |
4 |
|
Shots
|
| Sewer Rats |
14 |
11 |
11 |
0 |
4 |
36 |
| Little Stars |
6 |
17 |
17 |
0 |
4 |
40 |
|
1st period
No Goal
Penalties :
Ryan Murphy (Tol) for Interference (Minor) at 2:09, Anton Cederholm (Tex) for Interference (Minor) at 15:53
2nd period
1. Little Stars , Adam Tambellini 2 (Scott Kosmachuck 3, Dana Tyrell 5) at 8:16 (PP)
2. Sewer Rats , Mark Mancari 10 (Stefan Elliott 5, Daniel Carr 9) at 9:28
3. Little Stars , Evgeny Kuznetsov 8 (Ilya Mikheyev 5) at 9:59 (PP)
4. Little Stars , Joakim Nygard 3 (Reece Willcox 4) at 14:25
Penalties :
Jarred Tinordi (Tol) for Hooking (Minor) at 7:40, Jarred Tinordi (Tol) for Holding (Minor) at 9:41
3rd period
5. Little Stars , Scott Kosmachuck 6 (Dana Tyrell 6) at 1:08
6. Sewer Rats , Daniel Carr 7 (Drake Caggiula 8) at 10:25
7. Sewer Rats , Mark Mancari 11 (Stefan Elliott 6, Drake Caggiula 9) at 10:31
8. Sewer Rats , Nick Cousins 3 (Dominik Kubalik 1, Ryan Murphy 2) at 16:41
Penalties :
Tyler Wotherspoon (Tex) for Holding (Minor) at 1:23, Jared McCann (Tol) for Hooking (Minor) at 4:00
Overtime #1
No Goal
Penalties :
No Penalty
Shootout
Sewer Rats, Mark Mancari - Goal!
Little Stars, Evgeny Kuznetsov - Stopped by Darcy Kuemper
Sewer Rats, Erik Condra - Stopped by Dustin Tokarski
Little Stars, Dana Tyrell - Goal!
Sewer Rats, Daniel Carr - Stopped by Dustin Tokarski
Little Stars, Jesse Joensuu - Stopped by Darcy Kuemper
Sewer Rats, Dmitrij Jaskin - Goal!
Little Stars, Ilya Mikheyev - Stopped by Darcy Kuemper
Penalties :
No Penalty
Goalie Stats
Darcy Kuemper (Tol), 36 saves from 40 shots - (0.900), W, 2-0-0, 65:00 minutes
Dustin Tokarski (Tex), 32 saves from 36 shots - (0.889), OTL, 3-3-1, 65:00 minutes
Players Stats for Sewer Rats
Player Name G A P +/- PIM S H SB GA TA FO MP PP MP PK MP
------------------------------------------------------------------------------------
Anthony Duclair 0 0 0 0 0 3 0 0 2 0 0/0 13:04 0:00 0:00
Connor Carrick 0 0 0 0 0 1 0 1 0 1 0/0 8:23 0:00 1:23
Daniel Carr 1 1 2 2 0 7 3 2 3 0 0/2 22:08 2:06 1:50
Dmitrij Jaskin 0 0 0 0 0 1 1 0 2 0 0/1 13:13 0:00 0:42
Dominik Kubalik 0 1 1 1 0 1 0 0 0 1 0/0 9:18 0:00 0:23
Drake Caggiula 0 2 2 2 0 0 1 1 0 0 11/25 19:30 1:52 0:45
Erik Condra 0 0 0 -1 0 3 3 2 0 0 1/1 20:30 1:52 2:39
Jared McCann 0 0 0 0 2 0 1 0 0 0 0/3 12:10 0:00 0:10
Jarred Tinordi 0 0 0 2 4 3 1 1 0 3 0/0 26:12 2:07 2:26
Joel Edmundson 0 0 0 0 0 0 1 1 0 0 0/0 20:47 1:51 1:42
John Ramage 0 0 0 0 0 0 0 0 0 0 0/0 10:43 0:00 0:00
Joseph Blandisi 0 0 0 -1 0 0 1 0 0 0 1/1 15:43 1:52 0:00
Mark Mancari 2 0 2 2 0 5 2 1 1 0 5/9 23:55 2:06 2:59
Nick Cousins 1 0 1 1 0 4 0 0 0 0 0/1 10:49 0:14 0:00
Ryan Murphy 0 1 1 0 2 1 1 0 0 1 0/0 19:34 1:51 0:50
Stefan Elliott 0 2 2 2 0 4 0 1 0 0 0/0 24:35 0:00 3:10
Thomas Chabot 0 0 0 0 0 1 0 0 0 0 0/0 13:16 2:07 0:13
Tyler Motte 0 0 0 1 0 1 1 0 0 0 2/3 8:34 0:00 0:00
Xavier Ouellet 0 0 0 0 0 0 0 0 0 0 0/0 6:32 0:00 0:00
Zach Aston-Reese 0 0 0 -1 0 1 2 0 0 0 1/4 16:08 1:52 0:16
Players Stats for Little Stars
Player Name G A P +/- PIM S H SB GA TA FO MP PP MP PK MP
------------------------------------------------------------------------------------
Adam Tambellini 1 0 1 0 0 1 3 0 0 0 0/0 15:57 2:12 0:00
Anton Cederholm 0 0 0 1 2 1 1 0 0 0 0/0 23:09 2:00 0:53
Dana Tyrell 0 2 2 0 0 2 2 1 0 0 6/9 20:19 2:12 2:06
Daniel O'regan 0 0 0 1 0 2 0 0 0 0 5/5 12:12 0:02 0:00
Eric Knodel 0 0 0 1 0 1 3 2 0 4 0/0 24:00 2:00 1:55
Evgeny Kuznetsov 1 0 1 -3 0 12 5 0 0 1 17/30 23:57 2:40 2:06
Ilya Mikheyev 0 1 1 -3 0 2 5 0 0 0 0/2 22:30 2:38 1:06
Jason Dickinson 0 0 0 0 0 0 1 0 1 0 0/1 8:53 0:00 0:00
Jesse Joensuu 0 0 0 -3 0 5 3 0 1 1 0/2 22:30 2:38 1:06
Joakim Nygard 1 0 1 1 0 3 1 0 0 0 0/0 13:05 0:05 0:46
Michael Mersch 0 0 0 0 0 1 1 0 0 0 1/1 10:38 0:00 0:46
Patrick Wiercioch 0 0 0 -3 0 0 0 1 0 1 0/0 28:45 2:52 2:02
Reece Willcox 0 1 1 0 0 0 0 1 1 1 0/0 13:15 0:00 0:24
Scott Kosmachuck 1 1 2 0 0 7 0 2 2 0 0/0 15:54 2:09 0:00
Sebastian Wannstrom 0 0 0 1 0 0 2 1 0 0 0/0 10:26 0:00 0:00
Tucker Poolman 0 0 0 0 0 0 3 1 0 0 0/0 13:40 0:00 1:38
Tyler Wotherspoon 0 0 0 -3 2 2 0 2 1 0 0/0 27:46 2:52 1:04
Zach Budish 0 0 0 0 0 1 2 0 0 0 0/0 9:04 0:00 0:00
3 Stars
1 - Mark Mancari (Tol)
2 - Daniel Carr (Tol)
3 - Drake Caggiula (Tol)
Power Play
Sewer Rats - 0 on 2 Attempt(s) - 0.00%
Little Stars - 2 on 4 Attempt(s) - 50.00%
Penalty Kill
Sewer Rats - 2 on 4 Attempt(s) - 50.00%
- Score 0 goal in Penalty Kill
Little Stars - 2 on 2 Attempt(s) - 100.00%
- Score 0 goal in Penalty Kill
Team Stat
Sewer Rats - Hits : 18 - Faceoff Wins : 21 - Blocked Shots : 10 - Penalty Minutes : 8
Little Stars - Hits : 32 - Faceoff Wins : 29 - Blocked Shots : 11 - Penalty Minutes : 4
Official
Referees : Unknown
Linesman : Unknown
Game Notes
No Game Note
Finance
Level 1 -- Attendance: 1230 (61.50%) -- Ticket Income $49,200
Level 2 -- Attendance: 663 (66.30%) -- Ticket Income $13,260
Total Attendance: 1893 (63.10%)
Total Ticket Income: $62,460
Other Income: $3,123
Total Income: $65,583
Sewer Rats
5 vs 5 Forward
Center Left Wing Right Wing Time % Phy DF OF
1 Drake Caggiula Daniel Carr Mark Mancari 40 1 2 2
2 Zach Aston-Reese Joseph Blandisi Erik Condra 30 1 2 2
3 Jared McCann Anthony Duclair Dmitrij Jaskin 20 1 2 2
4 Tyler Motte Dominik Kubalik Nick Cousins 10 1 2 2
5 vs 5 Defense
Defense Defense Time % Phy DF OF
1 Stefan Elliott Jarred Tinordi 40 1 2 2
2 Joel Edmundson Ryan Murphy 30 1 2 2
3 John Ramage Thomas Chabot 20 1 2 2
4 Connor Carrick Xavier Ouellet 10 1 2 2
PowerPlay Forward
Center Left Wing Right Wing Time % Phy DF OF
1 Drake Caggiula Daniel Carr Mark Mancari 60 1 2 2
2 Zach Aston-Reese Joseph Blandisi Erik Condra 40 1 2 2
PowerPlay Defense
Defense Defense Time % Phy DF OF
1 Thomas Chabot Jarred Tinordi 60 1 2 2
2 Joel Edmundson Ryan Murphy 40 1 2 2
Penalty Kill 4 Players Forward
Center Wing Time % Phy DF OF
1 Mark Mancari Erik Condra 60 1 2 2
2 Daniel Carr Dmitrij Jaskin 40 1 2 2
Penalty Kill 4 Players Defense
Defense Defense Time % Phy DF OF
1 Stefan Elliott Jarred Tinordi 60 1 2 2
2 Joel Edmundson Ryan Murphy 40 1 2 2
Penalty Kill - 3 Players Forward
Forward Time % Phy DF OF
1 Mark Mancari 60 1 2 2
2 Erik Condra 40 1 2 2
Penalty Kill - 3 Players Defense
Defense Defense Time % Phy DF OF
1 Stefan Elliott Jarred Tinordi 60 1 2 2
2 Joel Edmundson Ryan Murphy 40 1 2 2
4 vs 4 Forward
Center Wing Time % Phy DF OF
1 Mark Mancari Erik Condra 60 1 2 2
2 Daniel Carr Dmitrij Jaskin 40 1 2 2
4 vs 4 Defense
Defense Defense Time % Phy DF OF
1 Stefan Elliott Jarred Tinordi 60 1 2 2
2 Joel Edmundson Ryan Murphy 40 1 2 2
Last Minutes Offensive
Center Left Wing Right Wing Defense Defense
Drake Caggiula Daniel Carr Mark Mancari Stefan Elliott Jarred Tinordi
Last Minutes Defensive
Center Left Wing Right Wing Defense Defense
Drake Caggiula Daniel Carr Mark Mancari Stefan Elliott Jarred Tinordi
Goaltenders
Starting : Darcy Kuemper
Backup : Marek Mazanek
Extra Forwards
Normal : Nick Cousins, Anthony Duclair, Jared McCann - PP : Nick Cousins, Anthony Duclair - PK : Jared McCann
Extra Defensemen
Normal : John Ramage, Connor Carrick, Thomas Chabot - PP : John Ramage - PK : Connor Carrick, Thomas Chabot
Penalty Shots
Mark Mancari, Erik Condra, Daniel Carr, Dmitrij Jaskin, Nick Cousins
Scratches
Vincent Trocheck (Lacerated Left Calf Injury), Josh Archibald (Healthy), Jonathan Racine (Healthy), Chris Calhan (Healthy), Mark Friedman (Healthy)
Michael Dal Colle (Healthy), Matteson Iacopelli (Healthy), Adin Hill (Healthy), Antoine Bibeau (Healthy)
Little Stars
5 vs 5 Forward
Center Left Wing Right Wing Time % Phy DF OF
1 Evgeny Kuznetsov Jesse Joensuu Ilya Mikheyev 40 1 2 2
2 Dana Tyrell Adam Tambellini Scott Kosmachuck 30 1 2 2
3 Daniel O'regan Joakim Nygard Sebastian Wannstrom 20 1 2 2
4 Jason Dickinson Michael Mersch Zach Budish 10 1 2 2
5 vs 5 Defense
Defense Defense Time % Phy DF OF
1 Tyler Wotherspoon Patrick Wiercioch 40 1 2 2
2 Eric Knodel Anton Cederholm 30 1 2 2
3 Reece Willcox Tucker Poolman 20 1 2 2
4 Tyler Wotherspoon Patrick Wiercioch 10 1 2 2
PowerPlay Forward
Center Left Wing Right Wing Time % Phy DF OF
1 Evgeny Kuznetsov Jesse Joensuu Ilya Mikheyev 60 0 2 3
2 Dana Tyrell Adam Tambellini Scott Kosmachuck 40 0 2 3
PowerPlay Defense
Defense Defense Time % Phy DF OF
1 Tyler Wotherspoon Patrick Wiercioch 60 0 2 3
2 Eric Knodel Anton Cederholm 40 0 2 3
Penalty Kill 4 Players Forward
Center Wing Time % Phy DF OF
1 Evgeny Kuznetsov Dana Tyrell 60 0 3 2
2 Jesse Joensuu Ilya Mikheyev 40 0 3 2
Penalty Kill 4 Players Defense
Defense Defense Time % Phy DF OF
1 Tyler Wotherspoon Patrick Wiercioch 60 0 3 2
2 Eric Knodel Anton Cederholm 40 0 3 2
Penalty Kill - 3 Players Forward
Forward Time % Phy DF OF
1 Evgeny Kuznetsov 60 0 3 2
2 Dana Tyrell 40 0 3 2
Penalty Kill - 3 Players Defense
Defense Defense Time % Phy DF OF
1 Tyler Wotherspoon Patrick Wiercioch 60 0 3 2
2 Eric Knodel Anton Cederholm 40 0 3 2
4 vs 4 Forward
Center Wing Time % Phy DF OF
1 Evgeny Kuznetsov Dana Tyrell 60 0 2 3
2 Jesse Joensuu Ilya Mikheyev 40 0 2 3
4 vs 4 Defense
Defense Defense Time % Phy DF OF
1 Tyler Wotherspoon Patrick Wiercioch 60 0 2 3
2 Eric Knodel Anton Cederholm 40 0 2 3
Last Minutes Offensive
Center Left Wing Right Wing Defense Defense
Evgeny Kuznetsov Jesse Joensuu Ilya Mikheyev Tyler Wotherspoon Patrick Wiercioch
Last Minutes Defensive
Center Left Wing Right Wing Defense Defense
Evgeny Kuznetsov Jesse Joensuu Ilya Mikheyev Tyler Wotherspoon Patrick Wiercioch
Goaltenders
Starting : Dustin Tokarski
Backup : Connor Knapp
Extra Forwards
Normal : Joakim Nygard, Daniel O'regan, Michael Mersch - PP : Joakim Nygard, Daniel O'regan - PK : Michael Mersch
Extra Defensemen
Normal : Reece Willcox, Tucker Poolman, Eric Knodel - PP : Reece Willcox - PK : Tucker Poolman, Eric Knodel
Penalty Shots
Evgeny Kuznetsov, Dana Tyrell, Jesse Joensuu, Ilya Mikheyev, Scott Kosmachuck
Scratches
Roman Horak (Healthy), Lawrence Pilut (Healthy), Justin Auger (Healthy), Rudolfs Balcers (Healthy), Yakov Trenin (Healthy)
Jean-Christophe Beaudin (Healthy), Ville Pokka (Healthy), Daniil Tarasov (Healthy), Emile Poirier (Healthy), Shane Gersich (Healthy)
Radel Fazleev (Healthy), Julien Nantel (Healthy), Peter Delmas (Healthy)
% Time on Ice - Sewer Rats
Lines # - Real PCT - Wanted PCT - Time Play
Normal Forward
1 - 34% - 40% - 17:24
2 - 27% - 30% - 13:56
3 - 22% - 20% - 11:16
4 - 17% - 10% - 8:34
Normal Defense
1 - 38% - 40% - 19:15
2 - 30% - 30% - 15:08
3 - 20% - 20% - 10:15
4 - 13% - 10% - 6:32
PP Forward
1 - 53% - 60% - 2:06
2 - 47% - 40% - 1:52
PP Defense
1 - 53% - 60% - 2:07
2 - 47% - 40% - 1:51
PK Forward
1 - 86% - 60% - 4:10
2 - 14% - 40% - 0:42
PK Defense
1 - 65% - 60% - 3:10
2 - 35% - 40% - 1:42
PK3 Forward
1 - 0% - 60%
2 - 0% - 40%
PK3 Defense
1 - 0% - 60%
2 - 0% - 40%
44 Forward
1 - 77% - 60% - 3:50
2 - 23% - 40% - 1:10
44 Defense
1 - 58% - 60% - 2:54
2 - 42% - 40% - 2:06
Last Minute Offensive - 0:00
Last Minute Defensive - 0:00
Total
Forward - 65:00
Defense - 65:00
|
% Time on Ice - Little Stars
Lines # - Real PCT - Wanted PCT - Time Play
Normal Forward
1 - 34% - 40% - 17:33
2 - 28% - 30% - 14:18
3 - 20% - 20% - 10:26
4 - 17% - 10% - 8:53
Normal Defense
1 - 36% - 40% - 18:32
2 - 36% - 30% - 18:19
3 - 23% - 20% - 11:42
4 - 5% - 10% - 2:37
PP Forward
1 - 55% - 60% - 2:40
2 - 45% - 40% - 2:12
PP Defense
1 - 59% - 60% - 2:52
2 - 41% - 40% - 2:00
PK Forward
1 - 72% - 60% - 2:52
2 - 28% - 40% - 1:06
PK Defense
1 - 51% - 60% - 2:02
2 - 49% - 40% - 1:56
PK3 Forward
1 - 0% - 60%
2 - 0% - 40%
PK3 Defense
1 - 0% - 60%
2 - 0% - 40%
44 Forward
1 - 74% - 60% - 3:41
2 - 26% - 40% - 1:19
44 Defense
1 - 61% - 60% - 3:02
2 - 39% - 40% - 1:58
Last Minute Offensive - 0:00
Last Minute Defensive - 0:00
Total
Forward - 65:00
Defense - 65:00
|
Play-by-Play
1st period
0:01 of 1st period - Evgeny Kuznetsov wins face-off versus Drake Caggiula in neutral zone.
0:46 of 1st period - Joakim Nygard is hit by Jared McCann and loses puck.
1:42 of 1st period - Wrist shot by Evgeny Kuznetsov.
1:42 of 1st period - Shot Misses the Net.
1:44 of 1st period - Wrist shot by Anton Cederholm.
1:44 of 1st period - Stopped by Darcy Kuemper with a rebound.
1:56 of 1st period - Snap shot by Erik Condra.
1:56 of 1st period - Stopped by Dustin Tokarski with a rebound.
2:09 of 1st period - Minor Penalty to Ryan Murphy for Interference.
2:10 of 1st period - Evgeny Kuznetsov wins face-off versus Mark Mancari in Sewer Rats zone.
2:17 of 1st period - Wrist shot by Evgeny Kuznetsov.
2:17 of 1st period - Stopped by Darcy Kuemper without a rebound.
2:18 of 1st period - Mark Mancari wins face-off versus Evgeny Kuznetsov in Sewer Rats zone.
2:18 of 1st period - Mark Mancari is hit by Evgeny Kuznetsov.
2:28 of 1st period - Jarred Tinordi is hit by Jesse Joensuu and loses puck.
2:33 of 1st period - Snap shot by Jesse Joensuu.
2:33 of 1st period - Shot Blocked by Erik Condra.
3:26 of 1st period - Daniel Carr is hit by Anton Cederholm and loses puck.
4:09 of 1st period - Penalty to Ryan Murphy is over, Ryan Murphy is back on ice.
6:13 of 1st period - Snap shot by Nick Cousins.
6:13 of 1st period - Shot Misses the Net.
6:15 of 1st period - Slapshot by Stefan Elliott.
6:15 of 1st period - Stopped by Dustin Tokarski without a rebound.
6:16 of 1st period - Tyler Motte wins face-off versus Dana Tyrell in Little Stars zone.
6:21 of 1st period - Snap shot by Nick Cousins.
6:21 of 1st period - Shot Blocked by Scott Kosmachuck.
6:29 of 1st period - Joel Edmundson is hit by Adam Tambellini and loses puck.
6:49 of 1st period - Daniel Carr is hit by Evgeny Kuznetsov and loses puck.
7:02 of 1st period - Wrist shot by Erik Condra.
7:02 of 1st period - Shot Blocked by Tucker Poolman.
7:12 of 1st period - Snap shot by Erik Condra.
7:12 of 1st period - Stopped by Dustin Tokarski with a rebound.
7:32 of 1st period - Wrist shot by Anthony Duclair.
7:32 of 1st period - Stopped by Dustin Tokarski with a rebound.
7:34 of 1st period - Snap shot by Stefan Elliott.
7:34 of 1st period - Stopped by Dustin Tokarski without a rebound.
7:35 of 1st period - Drake Caggiula wins face-off versus Evgeny Kuznetsov in Little Stars zone.
8:05 of 1st period - Wrist shot by Joseph Blandisi.
8:05 of 1st period - Shot Misses the Net.
9:03 of 1st period - Thomas Chabot is hit by Tucker Poolman and loses puck.
9:22 of 1st period - Erik Condra is hit by Dana Tyrell and loses puck.
10:10 of 1st period - Snap shot by Daniel Carr.
10:10 of 1st period - Stopped by Dustin Tokarski with a rebound.
11:16 of 1st period - Evgeny Kuznetsov is hit by Drake Caggiula and loses puck.
11:41 of 1st period - Snap shot by Daniel Carr.
11:41 of 1st period - Stopped by Dustin Tokarski with a rebound.
11:43 of 1st period - Snap shot by Stefan Elliott.
11:43 of 1st period - Deflect By Eric Knodel.
11:43 of 1st period - Stopped by Dustin Tokarski with a rebound.
11:49 of 1st period - Wrist shot by Mark Mancari.
11:49 of 1st period - Stopped by Dustin Tokarski with a rebound.
11:51 of 1st period - Snap shot by Jarred Tinordi.
11:51 of 1st period - Stopped by Dustin Tokarski without a rebound.
11:52 of 1st period - Zach Aston-Reese wins face-off versus Evgeny Kuznetsov in Little Stars zone.
11:55 of 1st period - Slapshot by Erik Condra.
11:55 of 1st period - Shot Misses the Net.
12:19 of 1st period - Tyler Wotherspoon is hit by Joel Edmundson and loses puck.
13:13 of 1st period - Jared McCann is hit by Sebastian Wannstrom and loses puck.
13:20 of 1st period - Snap shot by Daniel O'regan.
13:20 of 1st period - Stopped by Darcy Kuemper with a rebound.
13:58 of 1st period - Wrist shot by Nick Cousins.
13:58 of 1st period - Stopped by Dustin Tokarski without a rebound.
13:59 of 1st period - Dana Tyrell wins face-off versus Drake Caggiula in Little Stars zone.
13:59 of 1st period - Dana Tyrell is hit by Mark Mancari.
14:36 of 1st period - Snap shot by Erik Condra.
14:36 of 1st period - Shot Misses the Net.
14:38 of 1st period - Wrist shot by Jarred Tinordi.
14:38 of 1st period - Stopped by Dustin Tokarski with a rebound.
15:07 of 1st period - Tyler Wotherspoon is hit by Tyler Motte and loses puck.
15:31 of 1st period - Off-side.
15:32 of 1st period - Evgeny Kuznetsov wins face-off versus Drake Caggiula in neutral zone.
15:53 of 1st period - Minor Penalty to Anton Cederholm for Interference.
15:54 of 1st period - Drake Caggiula wins face-off versus Evgeny Kuznetsov in Little Stars zone.
16:19 of 1st period - Tyler Wotherspoon is hit by Joseph Blandisi and loses puck.
17:53 of 1st period - Penalty to Anton Cederholm is over, Anton Cederholm is back on ice.
18:00 of 1st period - Snap shot by Evgeny Kuznetsov.
18:00 of 1st period - Stopped by Darcy Kuemper without a rebound.
18:01 of 1st period - Daniel O'regan wins face-off versus Jared McCann in Sewer Rats zone.
18:04 of 1st period - Wrist shot by Daniel O'regan.
18:04 of 1st period - Stopped by Darcy Kuemper with a rebound.
18:08 of 1st period - Snap shot by Joakim Nygard.
18:08 of 1st period - Stopped by Darcy Kuemper without a rebound.
18:09 of 1st period - Daniel O'regan wins face-off versus Jared McCann in Sewer Rats zone.
18:10 of 1st period - Wrist shot by Joakim Nygard.
18:10 of 1st period - Shot Misses the Net.
18:20 of 1st period - Slapshot by Jarred Tinordi.
18:20 of 1st period - Stopped by Dustin Tokarski without a rebound.
18:21 of 1st period - Evgeny Kuznetsov wins face-off versus Drake Caggiula in Little Stars zone.
18:21 of 1st period - Evgeny Kuznetsov is hit by Daniel Carr.
18:49 of 1st period - Snap shot by Erik Condra.
18:49 of 1st period - Stopped by Dustin Tokarski with a rebound.
19:39 of 1st period - Slapshot by Joakim Nygard.
19:39 of 1st period - Deflect By Sebastian Wannstrom.
19:39 of 1st period - Shot Misses the Net.
19:39 of 1st period - Puck is out of play.
19:40 of 1st period - Daniel O'regan wins face-off versus Drake Caggiula in Sewer Rats zone.
19:43 of 1st period - Snap shot by Joakim Nygard.
19:43 of 1st period - Shot Misses the Net.
Goals for this period are 0 for Sewer Rats vs 0 for Little Stars.
Shots for this period are 14 for Sewer Rats vs 6 for Little Stars.
2nd period
0:01 of 2nd period - Evgeny Kuznetsov wins face-off versus Drake Caggiula in neutral zone.
0:04 of 2nd period - Drake Caggiula is hit by Evgeny Kuznetsov and loses puck.
0:15 of 2nd period - Wrist shot by Mark Mancari.
0:15 of 2nd period - Stopped by Dustin Tokarski without a rebound.
0:16 of 2nd period - Dana Tyrell wins face-off versus Zach Aston-Reese in Little Stars zone.
0:21 of 2nd period - Wrist shot by Scott Kosmachuck.
0:21 of 2nd period - Shot Blocked by Joel Edmundson.
0:31 of 2nd period - Snap shot by Erik Condra.
0:31 of 2nd period - Shot Misses the Net.
1:07 of 2nd period - Joakim Nygard is hit by Dmitrij Jaskin and loses puck.
1:24 of 2nd period - Snap shot by Scott Kosmachuck.
1:24 of 2nd period - Stopped by Darcy Kuemper with a rebound.
1:54 of 2nd period - Eric Knodel is hit by Zach Aston-Reese and loses puck.
2:49 of 2nd period - Stefan Elliott is hit by Sebastian Wannstrom and loses puck.
3:30 of 2nd period - Snap shot by Daniel Carr.
3:30 of 2nd period - Shot Misses the Net.
3:32 of 2nd period - Wrist shot by Mark Mancari.
3:32 of 2nd period - Shot Blocked by Reece Willcox.
3:46 of 2nd period - Dmitrij Jaskin is hit by Jason Dickinson and loses puck.
4:16 of 2nd period - Slapshot by Erik Condra.
4:16 of 2nd period - Shot Misses the Net.
4:18 of 2nd period - Snap shot by Joseph Blandisi.
4:18 of 2nd period - Shot Misses the Net.
4:38 of 2nd period - Snap shot by Joakim Nygard.
4:38 of 2nd period - Shot Misses the Net.
5:11 of 2nd period - Snap shot by Anthony Duclair.
5:11 of 2nd period - Stopped by Dustin Tokarski with a rebound.
5:13 of 2nd period - Snap shot by Dmitrij Jaskin.
5:13 of 2nd period - Shot Misses the Net.
5:36 of 2nd period - Snap shot by Anthony Duclair.
5:36 of 2nd period - Shot Misses the Net.
5:38 of 2nd period - Snap shot by Anthony Duclair.
5:38 of 2nd period - Shot Misses the Net.
5:40 of 2nd period - Snap shot by Jared McCann.
5:40 of 2nd period - Shot Misses the Net.
5:42 of 2nd period - Snap shot by Connor Carrick.
5:42 of 2nd period - Deflect By Eric Knodel.
5:42 of 2nd period - Stopped by Dustin Tokarski without a rebound.
5:43 of 2nd period - Evgeny Kuznetsov wins face-off versus Daniel Carr in Little Stars zone.
6:10 of 2nd period - Patrick Wiercioch is hit by Erik Condra and loses puck.
6:15 of 2nd period - Snap shot by Joseph Blandisi.
6:15 of 2nd period - Shot Blocked by Tyler Wotherspoon.
6:17 of 2nd period - Snap shot by Joseph Blandisi.
6:17 of 2nd period - Shot Blocked by Scott Kosmachuck.
6:47 of 2nd period - John Ramage is hit by Ilya Mikheyev and loses puck.
7:08 of 2nd period - Slapshot by Anthony Duclair.
7:08 of 2nd period - Shot Misses the Net.
7:10 of 2nd period - Snap shot by Jared McCann.
7:10 of 2nd period - Shot Blocked by Eric Knodel.
7:40 of 2nd period - Minor Penalty to Jarred Tinordi for Hooking.
7:41 of 2nd period - Mark Mancari wins face-off versus Ilya Mikheyev in Sewer Rats zone.
7:41 of 2nd period - Mark Mancari is hit by Evgeny Kuznetsov.
7:55 of 2nd period - Snap shot by Tyler Wotherspoon.
7:55 of 2nd period - Shot Misses the Net.
7:57 of 2nd period - Wrist shot by Tyler Wotherspoon.
7:57 of 2nd period - Shot Hit the Post.
8:12 of 2nd period - Wrist shot by Dana Tyrell.
8:12 of 2nd period - Shot Misses the Net.
8:14 of 2nd period - Slapshot by Scott Kosmachuck.
8:14 of 2nd period - Stopped by Darcy Kuemper with a rebound.
8:16 of 2nd period - Wrist shot by Adam Tambellini.
8:16 of 2nd period - Goal by Adam Tambellini - Sewer Rats : 0 - Little Stars : 1.
8:17 of 2nd period - Evgeny Kuznetsov wins face-off versus Daniel Carr in neutral zone.
8:31 of 2nd period - Daniel Carr is hit by Jesse Joensuu and loses puck.
8:47 of 2nd period - Slapshot by Joseph Blandisi.
8:47 of 2nd period - Shot Misses the Net.
8:49 of 2nd period - Snap shot by Zach Aston-Reese.
8:49 of 2nd period - Stopped by Dustin Tokarski without a rebound.
8:50 of 2nd period - Erik Condra wins face-off versus Ilya Mikheyev in Little Stars zone.
9:04 of 2nd period - Snap shot by Ilya Mikheyev.
9:04 of 2nd period - Stopped by Darcy Kuemper with a rebound.
9:18 of 2nd period - Icing by Scott Kosmachuck.
9:19 of 2nd period - Drake Caggiula wins face-off versus Dana Tyrell in Little Stars zone.
9:28 of 2nd period - Snap shot by Mark Mancari.
9:28 of 2nd period - Goal by Mark Mancari - Sewer Rats : 1 - Little Stars : 1.
9:29 of 2nd period - Drake Caggiula wins face-off versus Evgeny Kuznetsov in neutral zone.
9:34 of 2nd period - Wrist shot by Mark Mancari.
9:34 of 2nd period - Shot Blocked by Patrick Wiercioch.
9:38 of 2nd period - Wrist shot by Mark Mancari.
9:38 of 2nd period - Stopped by Dustin Tokarski with a rebound.
9:41 of 2nd period - Minor Penalty to Jarred Tinordi for Holding.
9:42 of 2nd period - Evgeny Kuznetsov wins face-off versus Mark Mancari in Sewer Rats zone.
9:43 of 2nd period - Snap shot by Jesse Joensuu.
9:43 of 2nd period - Shot Blocked by Connor Carrick.
9:45 of 2nd period - Slapshot by Tyler Wotherspoon.
9:45 of 2nd period - Shot Blocked by Stefan Elliott.
9:49 of 2nd period - Snap shot by Evgeny Kuznetsov.
9:49 of 2nd period - Stopped by Darcy Kuemper with a rebound.
9:51 of 2nd period - Backhand shot by Jesse Joensuu.
9:51 of 2nd period - Deflect By Ilya Mikheyev.
9:51 of 2nd period - Shot Blocked by Mark Mancari.
9:51 of 2nd period - Puck is out of play.
9:52 of 2nd period - Evgeny Kuznetsov wins face-off versus Mark Mancari in Sewer Rats zone.
9:57 of 2nd period - Wrist shot by Evgeny Kuznetsov.
9:57 of 2nd period - Stopped by Darcy Kuemper with a rebound.
9:59 of 2nd period - Wrist shot by Evgeny Kuznetsov.
9:59 of 2nd period - Goal by Evgeny Kuznetsov - Sewer Rats : 1 - Little Stars : 2.
10:00 of 2nd period - Evgeny Kuznetsov wins face-off versus Drake Caggiula in neutral zone.
10:07 of 2nd period - Wrist shot by Daniel Carr.
10:07 of 2nd period - Stopped by Dustin Tokarski without a rebound.
10:08 of 2nd period - Evgeny Kuznetsov wins face-off versus Drake Caggiula in Little Stars zone.
10:43 of 2nd period - Snap shot by Scott Kosmachuck.
10:43 of 2nd period - Stopped by Darcy Kuemper without a rebound.
10:44 of 2nd period - Evgeny Kuznetsov wins face-off versus Drake Caggiula in Sewer Rats zone.
10:55 of 2nd period - Snap shot by Ilya Mikheyev.
10:55 of 2nd period - Shot Misses the Net.
10:57 of 2nd period - Slapshot by Anton Cederholm.
10:57 of 2nd period - Deflect By Ilya Mikheyev.
10:57 of 2nd period - Shot Misses the Net.
10:57 of 2nd period - Puck is out of play.
10:58 of 2nd period - Evgeny Kuznetsov wins face-off versus Drake Caggiula in Sewer Rats zone.
11:11 of 2nd period - Wrist shot by Jesse Joensuu.
11:11 of 2nd period - Shot Blocked by Jarred Tinordi.
11:36 of 2nd period - Adam Tambellini is hit by Erik Condra and loses puck.
11:57 of 2nd period - Snap shot by Ryan Murphy.
11:57 of 2nd period - Stopped by Dustin Tokarski with a rebound.
12:15 of 2nd period - Snap shot by Daniel O'regan.
12:15 of 2nd period - Shot Misses the Net.
12:43 of 2nd period - Slapshot by Thomas Chabot.
12:43 of 2nd period - Stopped by Dustin Tokarski with a rebound.
12:57 of 2nd period - Wrist shot by Jason Dickinson.
12:57 of 2nd period - Shot Misses the Net.
13:23 of 2nd period - Slapshot by Nick Cousins.
13:23 of 2nd period - Stopped by Dustin Tokarski with a rebound.
13:39 of 2nd period - Connor Carrick is hit by Zach Budish and loses puck.
14:01 of 2nd period - Snap shot by Evgeny Kuznetsov.
14:01 of 2nd period - Shot Misses the Net.
14:03 of 2nd period - Slapshot by Eric Knodel.
14:03 of 2nd period - Deflect By Joel Edmundson.
14:03 of 2nd period - Stopped by Darcy Kuemper with a rebound.
14:05 of 2nd period - Snap shot by Jesse Joensuu.
14:05 of 2nd period - Shot Blocked by Daniel Carr.
14:07 of 2nd period - Wrist shot by Jesse Joensuu.
14:07 of 2nd period - Stopped by Darcy Kuemper with a rebound.
14:09 of 2nd period - Wrist shot by Jesse Joensuu.
14:09 of 2nd period - Shot Misses the Net.
14:11 of 2nd period - Slapshot by Anton Cederholm.
14:11 of 2nd period - Shot Blocked by Daniel Carr.
14:25 of 2nd period - Snap shot by Joakim Nygard.
14:25 of 2nd period - Goal by Joakim Nygard - Sewer Rats : 1 - Little Stars : 3.
14:26 of 2nd period - Drake Caggiula wins face-off versus Evgeny Kuznetsov in neutral zone.
14:28 of 2nd period - Jarred Tinordi is hit by Ilya Mikheyev and loses puck.
14:40 of 2nd period - Snap shot by Daniel Carr.
14:40 of 2nd period - Stopped by Dustin Tokarski with a rebound.
14:42 of 2nd period - Snap shot by Daniel Carr.
14:42 of 2nd period - Shot Misses the Net.
15:03 of 2nd period - Wrist shot by Jesse Joensuu.
15:03 of 2nd period - Stopped by Darcy Kuemper with a rebound.
15:05 of 2nd period - Snap shot by Evgeny Kuznetsov.
15:05 of 2nd period - Stopped by Darcy Kuemper with a rebound.
15:13 of 2nd period - Snap shot by Evgeny Kuznetsov.
15:13 of 2nd period - Stopped by Darcy Kuemper with a rebound.
15:15 of 2nd period - Wrist shot by Evgeny Kuznetsov.
15:15 of 2nd period - Stopped by Darcy Kuemper with a rebound.
15:42 of 2nd period - Snap shot by Evgeny Kuznetsov.
15:42 of 2nd period - Stopped by Darcy Kuemper without a rebound.
15:43 of 2nd period - Drake Caggiula wins face-off versus Dana Tyrell in Sewer Rats zone.
15:43 of 2nd period - Drake Caggiula is hit by Adam Tambellini.
16:35 of 2nd period - Tyler Motte is hit by Eric Knodel and loses puck.
17:07 of 2nd period - Reece Willcox is hit by Zach Aston-Reese and loses puck.
17:35 of 2nd period - Icing by Michael Mersch.
17:36 of 2nd period - Tyler Motte wins face-off versus Jason Dickinson in Little Stars zone.
18:27 of 2nd period - Daniel Carr is hit by Michael Mersch and loses puck.
18:34 of 2nd period - Snap shot by Michael Mersch.
18:34 of 2nd period - Stopped by Darcy Kuemper without a rebound.
18:35 of 2nd period - Joseph Blandisi wins face-off versus Evgeny Kuznetsov in Sewer Rats zone.
Goals for this period are 1 for Sewer Rats vs 3 for Little Stars.
Shots for this period are 11 for Sewer Rats vs 17 for Little Stars.
3rd period
0:01 of 3rd period - Mark Mancari wins face-off versus Evgeny Kuznetsov in neutral zone.
0:12 of 3rd period - Snap shot by Evgeny Kuznetsov.
0:12 of 3rd period - Stopped by Darcy Kuemper with a rebound.
0:52 of 3rd period - Slapshot by Dana Tyrell.
0:52 of 3rd period - Shot Misses the Net.
0:54 of 3rd period - Slapshot by Tyler Wotherspoon.
0:54 of 3rd period - Stopped by Darcy Kuemper without a rebound.
0:55 of 3rd period - Dana Tyrell wins face-off versus Drake Caggiula in Sewer Rats zone.
1:04 of 3rd period - Snap shot by Dana Tyrell.
1:04 of 3rd period - Stopped by Darcy Kuemper with a rebound.
1:06 of 3rd period - Slapshot by Reece Willcox.
1:06 of 3rd period - Deflect By Dana Tyrell.
1:06 of 3rd period - Stopped by Darcy Kuemper without a rebound.
1:07 of 3rd period - Dana Tyrell wins face-off versus Drake Caggiula in Sewer Rats zone.
1:08 of 3rd period - Wrist shot by Scott Kosmachuck.
1:08 of 3rd period - Goal by Scott Kosmachuck - Sewer Rats : 1 - Little Stars : 4.
1:09 of 3rd period - Evgeny Kuznetsov wins face-off versus Drake Caggiula in neutral zone.
1:12 of 3rd period - Snap shot by Ilya Mikheyev.
1:12 of 3rd period - Stopped by Darcy Kuemper without a rebound.
1:13 of 3rd period - Drake Caggiula wins face-off versus Evgeny Kuznetsov in Sewer Rats zone.
1:13 of 3rd period - Drake Caggiula is hit by Jesse Joensuu.
1:21 of 3rd period - Slapshot by Stefan Elliott.
1:21 of 3rd period - Deflect By Daniel Carr.
1:21 of 3rd period - Stopped by Dustin Tokarski with a rebound.
1:23 of 3rd period - Minor Penalty to Tyler Wotherspoon for Holding.
1:24 of 3rd period - Evgeny Kuznetsov wins face-off versus Drake Caggiula in Little Stars zone.
1:24 of 3rd period - Evgeny Kuznetsov is hit by Mark Mancari.
1:50 of 3rd period - Patrick Wiercioch is hit by Erik Condra and loses puck.
2:03 of 3rd period - Slapshot by Jarred Tinordi.
2:03 of 3rd period - Shot Misses the Net.
3:20 of 3rd period - Zach Aston-Reese is hit by Ilya Mikheyev and loses puck.
3:23 of 3rd period - Penalty to Tyler Wotherspoon is over, Tyler Wotherspoon is back on ice.
3:25 of 3rd period - Snap shot by Jesse Joensuu.
3:25 of 3rd period - Shot Misses the Net.
3:35 of 3rd period - Snap shot by Tyler Wotherspoon.
3:35 of 3rd period - Stopped by Darcy Kuemper with a rebound.
3:37 of 3rd period - Snap shot by Jesse Joensuu.
3:37 of 3rd period - Stopped by Darcy Kuemper with a rebound.
3:51 of 3rd period - Snap shot by Jesse Joensuu.
3:51 of 3rd period - Shot Misses the Net.
3:53 of 3rd period - Wrist shot by Jesse Joensuu.
3:53 of 3rd period - Stopped by Darcy Kuemper with a rebound.
3:55 of 3rd period - Snap shot by Jesse Joensuu.
3:55 of 3rd period - Stopped by Darcy Kuemper without a rebound.
3:56 of 3rd period - Daniel O'regan wins face-off versus Jared McCann in Sewer Rats zone.
4:00 of 3rd period - Minor Penalty to Jared McCann for Hooking.
4:01 of 3rd period - Dana Tyrell wins face-off versus Mark Mancari in Sewer Rats zone.
4:19 of 3rd period - Jesse Joensuu is hit by Jarred Tinordi and loses puck.
4:26 of 3rd period - Daniel Carr is hit by Eric Knodel and loses puck.
5:41 of 3rd period - Jarred Tinordi is hit by Ilya Mikheyev and loses puck.
6:00 of 3rd period - Penalty to Jared McCann is over, Jared McCann is back on ice.
6:16 of 3rd period - Dmitrij Jaskin is hit by Tucker Poolman and loses puck.
6:47 of 3rd period - Wrist shot by Joakim Nygard.
6:47 of 3rd period - Stopped by Darcy Kuemper with a rebound.
8:03 of 3rd period - Mark Mancari is hit by Adam Tambellini and loses puck.
8:08 of 3rd period - Snap shot by Scott Kosmachuck.
8:08 of 3rd period - Stopped by Darcy Kuemper with a rebound.
8:10 of 3rd period - Slapshot by Tyler Wotherspoon.
8:10 of 3rd period - Shot Blocked by Drake Caggiula.
8:26 of 3rd period - Backhand shot by Stefan Elliott.
8:26 of 3rd period - Shot Blocked by Eric Knodel.
9:49 of 3rd period - Snap shot by Zach Budish.
9:49 of 3rd period - Stopped by Darcy Kuemper without a rebound.
9:50 of 3rd period - Michael Mersch wins face-off versus Zach Aston-Reese in Sewer Rats zone.
10:15 of 3rd period - Wrist shot by Joseph Blandisi.
10:15 of 3rd period - Shot Hit the Post.
10:23 of 3rd period - Wrist shot by Drake Caggiula.
10:23 of 3rd period - Deflect By Daniel Carr.
10:23 of 3rd period - Shot Misses the Net.
10:23 of 3rd period - Puck is out of play.
10:24 of 3rd period - Drake Caggiula wins face-off versus Evgeny Kuznetsov in Little Stars zone.
10:25 of 3rd period - Wrist shot by Daniel Carr.
10:25 of 3rd period - Goal by Daniel Carr - Sewer Rats : 2 - Little Stars : 4.
10:26 of 3rd period - Drake Caggiula wins face-off versus Evgeny Kuznetsov in neutral zone.
10:31 of 3rd period - Wrist shot by Mark Mancari.
10:31 of 3rd period - Goal by Mark Mancari - Sewer Rats : 3 - Little Stars : 4.
10:32 of 3rd period - Drake Caggiula wins face-off versus Evgeny Kuznetsov in neutral zone.
11:26 of 3rd period - Patrick Wiercioch is hit by Ryan Murphy and loses puck.
11:59 of 3rd period - Snap shot by Scott Kosmachuck.
11:59 of 3rd period - Stopped by Darcy Kuemper with a rebound.
12:05 of 3rd period - Snap shot by Tyler Motte.
12:05 of 3rd period - Stopped by Dustin Tokarski with a rebound.
12:07 of 3rd period - Snap shot by Dominik Kubalik.
12:07 of 3rd period - Deflect By Nick Cousins.
12:07 of 3rd period - Shot Misses the Net.
12:07 of 3rd period - Puck is out of play.
12:08 of 3rd period - Drake Caggiula wins face-off versus Jesse Joensuu in Little Stars zone.
12:11 of 3rd period - Wrist shot by Daniel Carr.
12:11 of 3rd period - Stopped by Dustin Tokarski with a rebound.
12:39 of 3rd period - Wrist shot by Jesse Joensuu.
12:39 of 3rd period - Shot Blocked by Erik Condra.
12:43 of 3rd period - Backhand shot by Dana Tyrell.
12:43 of 3rd period - Deflect By Scott Kosmachuck.
12:43 of 3rd period - Stopped by Darcy Kuemper with a rebound.
13:05 of 3rd period - Snap shot by Dmitrij Jaskin.
13:05 of 3rd period - Stopped by Dustin Tokarski with a rebound.
13:07 of 3rd period - Snap shot by Anthony Duclair.
13:07 of 3rd period - Stopped by Dustin Tokarski with a rebound.
13:09 of 3rd period - Slapshot by Anthony Duclair.
13:09 of 3rd period - Shot Misses the Net.
13:11 of 3rd period - Slapshot by Jared McCann.
13:11 of 3rd period - Shot Blocked by Sebastian Wannstrom.
14:07 of 3rd period - Wrist shot by Joseph Blandisi.
14:07 of 3rd period - Shot Blocked by Dana Tyrell.
14:17 of 3rd period - Joel Edmundson is hit by Zach Budish and loses puck.
14:47 of 3rd period - Off-side.
14:48 of 3rd period - Dana Tyrell wins face-off versus Zach Aston-Reese in neutral zone.
16:13 of 3rd period - Snap shot by Evgeny Kuznetsov.
16:13 of 3rd period - Stopped by Darcy Kuemper with a rebound.
16:15 of 3rd period - Slapshot by Evgeny Kuznetsov.
16:15 of 3rd period - Deflect By Thomas Chabot.
16:15 of 3rd period - Stopped by Darcy Kuemper without a rebound.
16:16 of 3rd period - Evgeny Kuznetsov wins face-off versus Tyler Motte in Sewer Rats zone.
16:35 of 3rd period - Wrist shot by Nick Cousins.
16:35 of 3rd period - Stopped by Dustin Tokarski with a rebound.
16:37 of 3rd period - Slapshot by Ryan Murphy.
16:37 of 3rd period - Shot Misses the Net.
16:39 of 3rd period - Snap shot by Dominik Kubalik.
16:39 of 3rd period - Stopped by Dustin Tokarski with a rebound.
16:41 of 3rd period - Snap shot by Nick Cousins.
16:41 of 3rd period - Goal by Nick Cousins - Sewer Rats : 4 - Little Stars : 4.
16:42 of 3rd period - Daniel O'regan wins face-off versus Dmitrij Jaskin in neutral zone.
16:47 of 3rd period - Wrist shot by Joakim Nygard.
16:47 of 3rd period - Shot Hit the Post.
16:57 of 3rd period - Slapshot by Stefan Elliott.
16:57 of 3rd period - Deflect By Tyler Wotherspoon.
16:57 of 3rd period - Stopped by Dustin Tokarski with a rebound.
17:53 of 3rd period - Joseph Blandisi is hit by Dana Tyrell and loses puck.
18:37 of 3rd period - Jarred Tinordi is hit by Eric Knodel.
19:21 of 3rd period - Wrist shot by Anthony Duclair.
19:21 of 3rd period - Shot Misses the Net.
19:27 of 3rd period - Xavier Ouellet is hit by Tucker Poolman and loses puck.
19:50 of 3rd period - Drake Caggiula is hit by Evgeny Kuznetsov and loses puck.
Goals for this period are 3 for Sewer Rats vs 1 for Little Stars.
Shots for this period are 11 for Sewer Rats vs 17 for Little Stars.
Overtime #1
0:01 of 1st overtime period - Mark Mancari wins face-off versus Evgeny Kuznetsov in neutral zone.
0:04 of 1st overtime period - Slapshot by Jarred Tinordi.
0:04 of 1st overtime period - Shot Blocked by Tyler Wotherspoon.
1:33 of 1st overtime period - Joel Edmundson is hit by Ilya Mikheyev and loses puck.
1:44 of 1st overtime period - Joel Edmundson is hit by Joakim Nygard.
1:48 of 1st overtime period - Eric Knodel is hit by Daniel Carr and loses puck.
3:00 of 1st overtime period - Icing by Daniel Carr.
3:01 of 1st overtime period - Mark Mancari wins face-off versus Jesse Joensuu in Sewer Rats zone.
3:18 of 1st overtime period - Off-side.
3:19 of 1st overtime period - Evgeny Kuznetsov wins face-off versus Nick Cousins in neutral zone.
4:18 of 1st overtime period - Evgeny Kuznetsov is hit by Daniel Carr and loses puck.
Goals for this period are 0 for Sewer Rats vs 0 for Little Stars.
Shots for this period are 0 for Sewer Rats vs 0 for Little Stars.
ShootOut
5:00 of 1st overtime period - Round #1.
5:00 of 1st overtime period - Sewer Rats, Mark Mancari.
5:00 of 1st overtime period - Deke by Mark Mancari.
5:00 of 1st overtime period - Goal by Mark Mancari.
5:00 of 1st overtime period - Little Stars, Evgeny Kuznetsov.
5:00 of 1st overtime period - Deke by Evgeny Kuznetsov.
5:00 of 1st overtime period - Stopped by Darcy Kuemper.
5:00 of 1st overtime period - Round #2.
5:00 of 1st overtime period - Sewer Rats, Erik Condra.
5:00 of 1st overtime period - Deke by Erik Condra.
5:00 of 1st overtime period - Stopped by Dustin Tokarski.
5:00 of 1st overtime period - Little Stars, Dana Tyrell.
5:00 of 1st overtime period - Snap shot by Dana Tyrell.
5:00 of 1st overtime period - Goal by Dana Tyrell.
5:00 of 1st overtime period - Round #3.
5:00 of 1st overtime period - Sewer Rats, Daniel Carr.
5:00 of 1st overtime period - Deke by Daniel Carr.
5:00 of 1st overtime period - Stopped by Dustin Tokarski.
5:00 of 1st overtime period - Little Stars, Jesse Joensuu.
5:00 of 1st overtime period - Backhand shot by Jesse Joensuu.
5:00 of 1st overtime period - Stopped by Darcy Kuemper.
5:00 of 1st overtime period - Round #4.
5:00 of 1st overtime period - Sewer Rats, Dmitrij Jaskin.
5:00 of 1st overtime period - Wrist shot by Dmitrij Jaskin.
5:00 of 1st overtime period - Goal by Dmitrij Jaskin.
5:00 of 1st overtime period - Little Stars, Ilya Mikheyev.
5:00 of 1st overtime period - Deke by Ilya Mikheyev.
5:00 of 1st overtime period - Stopped by Darcy Kuemper.